Map: Triton LE

Players

Clem

  • Race: Terran Terran
  • Spawn Location: 5:00

soO - Winner!

  • Race: Zerg Zerg
  • Spawn Location: 11:00

VOD

Have the link to the VOD?

Description

Time

  • Played on: Jan. 6, 2020, 9:37 p.m.
  • Length: 10:46
Show
View Real Time Build Order
Export as new Build Order

Clem Terran 

Build Orders: Gas First Reaper Expand, Liberator Opening 

Get SALT Encoding   

  12  0:00  SCV  
  13  0:12  SCV  
  14  0:16  Supply Depot  
  14  0:25  SCV  
  15  0:31  Refinery  
  15  0:38  SCV  
  16  0:44  Barracks  
  16  0:50  SCV  
  17  1:02  SCV  
  18  1:14  SCV  
  19  1:30  Orbital Command  
  19  1:31  Reaper  
  20  1:40  Command Center  
  20  1:54  Supply Depot  
  20  1:56  SCV  
  21  2:07  Factory  
  21  2:08  SCV  
  22  2:10  Barracks Reactor  
  22  2:15  Refinery  
  22  2:20  SCV  
  23  2:32  SCV  
  24  2:48  SCV  
  25  2:52  Starport  
  25  2:55  Barracks Tech Lab  
  25  2:56  Orbital Command  
  25  2:58  Hellion x2  
  29  3:02  SCV  
  30  3:11  Liberator  
  30  3:14  SCV  
  31  3:23  SCV, Hellion x2  
  36  3:28  SCV  
  40  3:37  SCV, Supply Depot  
  40  3:40  SCV  
  42  3:45  Hellion  
  42  3:46  Hellion  
  42  3:47  Stimpack  
  46  3:57  Supply Depot  
  46  3:59  SCV x2  
  48  4:11  SCV x2  
  50  4:17  Command Center  
  50  4:23  SCV x2, Supply Depot  
  52  4:27  Factory Tech Lab  
  52  4:35  SCV x2, Starport Reactor  
  52  4:37  Barracks  
  54  4:38  Marine  
  54  4:39  Barracks  
  55  4:46  Supply Depot  
  55  4:47  SCV x2  
  57  4:53  Siege Tank  
  57  4:55  Engineering Bay  
  57  4:56  Engineering Bay  
  60  5:01  Refinery  
  60  5:02  SCV, Refinery  
  60  5:04  SCV  
  60  5:06  Marine  
  63  5:14  SCV  
  63  5:18  SCV  
  65  5:22  Starport Reactor  
  65  5:25  Terran Infantry Weapons Level 1  
  65  5:26  SCV, Terran Infantry Armor Level 1  
  65  5:28  Marine x2  
  67  5:29  Combat Shield, Marine  
  67  5:31  Orbital Command  
  67  5:33  SCV  
  67  5:35  Marine  
  71  5:38  Marine  
  72  5:43  Siege Tank  
  72  5:45  SCV  
  72  5:46  Marine x2  
  72  5:49  Marine  
  79  5:52  Marine  
  79  5:53  SCV  
  79  5:56  Marine  
  79  5:57  Orbital Command  
  82  6:04  Marine, Medivac  
  85  6:05  Medivac  
  85  6:07  SCV, Barracks x2  
  85  6:08  SCV  
  85  6:10  Marine x3  
  92  6:14  Supply Depot  
  92  6:19  SCV  
  92  6:22  Armory  
  93  6:28  Supply Depot  
  93  6:35  Marine x5, SCV x2  
  93  6:38  SCV, Supply Depot  
  100  6:47  SCV  
  100  6:50  SCV, Medivac x2, Siege Tank  
  109  6:59  Supply Depot  
  109  7:01  Marine x4, SCV x2  
  109  7:02  SCV  
  109  7:03  Supply Depot  
  109  7:04  Supply Depot  
  109  7:05  Barracks Reactor  
  109  7:06  Barracks Reactor  
  109  7:08  Marine  
  117  7:20  Marine, SCV x2  
  117  7:21  Marine x2  
  121  7:23  Siege Tank  
  121  7:26  Marine x2  
  120  7:30  Orbital Command  
  120  7:32  SCV x2  
  121  7:38  Marine, Terran Infantry Weapons Level 2  
  121  7:39  Marine x2  
  121  7:40  Supply Depot, Terran Infantry Armor Level 2  
  121  7:41  Supply Depot  
  121  7:44  Marine x2, SCV  
  121  7:47  SCV  
  125  7:56  Missile Turret  
  125  8:01  Marine x5, SCV x2  
  125  8:03  Marine  
  125  8:04  Missile Turret  
  133  8:09  Missile Turret  
  133  8:16  SCV  
  133  8:19  Marine  
  134  8:20  Marine x4, Supply Depot  
  130  8:27  Marine x3  
  130  8:28  Marine  
  127  8:34  SCV  
  127  8:35  SCV  
  127  8:37  Marine x2  
  127  8:40  Marine  
  125  8:42  Marine x2, Siege Tank  
  125  8:43  Medivac x2  
  125  8:47  SCV x3  
  137  8:50  Marine, Supply Depot  
  138  8:58  Marine  
  138  9:01  Marine x3  
  138  9:02  Marine x4  
  146  9:08  Marine  
  142  9:14  Barracks  
  142  9:15  Barracks x2  
  142  9:16  Marine  
  143  9:19  Marine x2  
  143  9:20  Siege Tank  
  143  9:23  Marine  
  145  9:25  Marine  
  145  9:27  Marine x2  
  145  9:28  Medivac x2  
  152  9:33  SCV x2  
  152  9:34  SCV  
  152  9:37  Missile Turret  
  140  9:39  Marine x2  
  140  9:40  Marine x2  
  144  9:47  SCV x3  
  144  9:49  Supply Depot  
  144  9:51  Marine x2  
  149  9:56  Siege Tank  
  149  9:58  Marine  
  148  10:07  Medivac  
  148  10:10  Marine x5  
  152  10:14  Marine  
  152  10:17  Marine x4  
  152  10:20  Marine x2  
Show
View Real Time Build Order
Export as new Build Order

soO Zerg - Winner!

Build Orders: Pool First, Muta Ling Bane 

Get SALT Encoding   

  12  0:00  Drone  
  13  0:12  Overlord  
  13  0:17  Drone  
  14  0:31  Drone x2  
  16  0:40  Spawning Pool  
  15  0:45  Drone  
  15  0:48  Drone  
  17  1:08  Hatchery  
  16  1:11  Drone  
  16  1:14  Drone  
  18  1:26  Extractor  
  18  1:27  Zergling x2  
  18  1:28  Zergling x2  
  18  1:31  Queen  
  21  1:39  Overlord  
  21  1:49  Drone  
  22  2:00  Drone  
  23  2:07  Queen  
  25  2:11  Drone  
  26  2:20  Drone, Queen  
  29  2:26  Drone  
  30  2:31  Drone  
  30  2:34  Overlord  
  31  2:39  Drone  
  31  2:41  Drone x2  
  31  2:42  Drone  
  35  2:44  Drone  
  36  2:54  Hatchery  
  34  2:59  Metabolic Boost  
  34  3:02  Drone  
  34  3:04  Drone  
  36  3:05  Drone  
  36  3:08  Drone  
  38  3:16  Drone x2  
  40  3:20  Queen  
  40  3:22  Overlord  
  40  3:25  Drone  
  40  3:26  Drone  
  43  3:30  Drone  
  44  3:39  Overlord  
  44  3:41  Zergling x4  
  44  3:42  Zergling x4  
  44  3:47  Drone x2  
  51  3:48  Drone  
  51  3:54  Drone  
  52  3:57  Queen  
  52  3:59  Drone  
  52  4:00  Lair, Drone  
  52  4:02  Drone  
  57  4:03  Drone x2  
  57  4:04  Drone  
  57  4:08  Extractor  
  59  4:10  Queen  
  59  4:11  Drone  
  62  4:18  Drone  
  62  4:19  Drone  
  62  4:22  Drone  
  65  4:24  Drone  
  65  4:26  Spore Crawler  
  65  4:27  Spore Crawler x2  
  63  4:32  Drone, Queen  
  63  4:37  Overlord  
  66  4:39  Overlord  
  66  4:46  Overlord  
  66  4:52  Overlord  
  66  4:58  Drone x9  
  74  5:06  Drone x2  
  76  5:08  Drone x3  
  76  5:09  Drone x3  
  82  5:14  Extractor  
  82  5:15  Drone x2  
  82  5:16  Extractor, Drone  
  82  5:20  Drone  
  82  5:21  Drone x2  
  86  5:26  Drone  
  87  5:30  Evolution Chamber  
  87  5:31  Spire, Drone x2  
  87  5:32  Evolution Chamber  
  86  5:36  Extractor x2  
  86  5:39  Drone x2  
  86  5:41  Overlord  
  86  5:46  Zergling x2  
  86  5:47  Zergling x10  
  93  5:50  Drone  
  93  5:53  Drone  
  93  5:55  Hatchery, Baneling Nest  
  92  5:57  Zerg Ground Armor Level 1, Zerg Melee Weapons Level 1  
  92  6:00  Zergling x8  
  96  6:05  Overlord  
  96  6:12  Zergling x6  
  96  6:13  Overlord  
  96  6:16  Overseer  
  99  6:18  Overlord  
  99  6:21  Zergling x2  
  99  6:22  Zergling x10  
  105  6:34  Zergling x12  
  105  6:39  Overlord  
  111  6:44  Mutalisk x2  
  111  6:45  Mutalisk  
  117  6:48  Mutalisk x2  
  117  6:53  Centrifical Hooks  
  121  6:54  Drone  
  121  6:59  Baneling x6  
  121  7:00  Baneling x4  
  122  7:04  Overlord  
  122  7:05  Overlord  
  122  7:07  Mutalisk x2  
  125  7:09  Hatchery  
  123  7:24  Hatchery  
  123  7:25  Mutalisk x2  
  123  7:27  Zergling x20  
  123  7:29  Overlord  
  138  7:31  Mutalisk  
  138  7:35  Zergling x6  
  141  7:45  Baneling x10  
  141  7:48  Overlord  
  141  7:50  Overlord  
  141  7:51  Overlord  
  139  7:54  Zerg Ground Armor Level 2  
  138  8:08  Zergling x14  
  138  8:11  Zerg Melee Weapons Level 2  
  145  8:14  Baneling x3  
  145  8:15  Zergling x2  
  145  8:16  Zergling x14  
  147  8:34  Mutalisk x2  
  147  8:35  Mutalisk x3  
  147  8:36  Zergling x2  
  147  8:37  Zergling x10  
  153  8:42  Zergling x10  
  153  8:43  Zergling x2  
  153  8:46  Zerg Flyer Weapons Level 1  
  159  8:59  Mutalisk x2  
  159  9:00  Mutalisk  
  164  9:05  Hatchery  
  164  9:07  Drone x4  
  164  9:08  Drone x5  
  172  9:20  Overlord x3  
  172  9:22  Overlord  
  172  9:23  Mutalisk x3  
  169  9:25  Zergling x8  
  173  9:35  Zergling x6  
  173  9:44  Baneling x9  
  173  9:45  Zergling x34, Baneling x2  
  190  9:57  Zergling x10  
  195  10:00  Overlord  
  195  10:01  Overlord  
  195  10:03  Overlord  
  191  10:16  Zergling x14  
  191  10:18  Baneling x5  
  191  10:19  Zergling x12, Baneling x6  
  199  10:21  Baneling x11  
Tags
 
Add a new tag
Caveats
  • Supply blocks, unpowered buildings, or Contaminate may cause inaccurate times.
  • Supply counts are checked every 10 seconds.